 Dungeon Crawl Stone Soup version 0.24.0-125-gc4c63601f3 (webtiles) character file.

Game seed: 13182006881905491276, levelgen mode: deterministic

87 Divind the Shield-Bearer (level 4, 0/35 HPs)
             Began as a Formicid Fighter on Mar 12, 2020.
             Succumbed to a scorpion's poison
             ... on level 2 of the Dungeon.
             The game lasted 00:01:42 (816 turns).

Divind the Shield-Bearer (Formicid Fighter)          Turns: 816, Time: 00:01:43

Health: 0/35       AC:  7    Str: 21    XL:     4   Next: 80%
Magic:  4/4        EV:  8    Int:  8    God:
Gold:   66         SH:  9    Dex: 10    Spells: 3/3 levels left

rFire    . . .     SeeInvis +   a - +0 long sword
rCold    . . .     Gourm    .   c - +0 shield
rNeg     . . .     Faith    .   b - +0 scale mail
rPois    .         Spirit   .   (helmet unavailable)
rElec    .         Reflect  .   (no cloak)
rCorr    .         Harm     .   (no gloves)
MR       .....                  (no boots)
Stlth    ..........             (no amulet)
HPRegen  0.11/turn              (no ring)
MPRegen  0.09/turn              (no ring)

@: lethally poisoned (0 -> -31)
A: permanent stasis, dig shafts and tunnels, four strong arms, antennae 3
a: Dig, Shaft Self


You were on level 2 of the Dungeon.
You were not hungry.

You visited 1 branch of the dungeon, and saw 2 of its levels.

You collected 66 gold pieces.

Inventory:

Hand Weapons
 a - a +0 long sword (weapon)
Armour
 b - a +0 scale mail (worn)
 c - a +0 shield (worn)
Scrolls
 e - a scroll of fear {unknown}
 g - 2 scrolls of identify {unknown}
 i - a scroll of remove curse {unknown}
 k - a scroll of noise {unknown}
Potions
 d - 2 potions of might
 h - a potion of curing {unknown}
 j - 2 potions of haste {unknown}
Comestibles
 f - 3 rations


   Skills:
 + Level 3.5 Fighting
 + Level 3.0 Long Blades
 + Level 3.9 Armour
 + Level 0.5 Dodging
 + Level 0.4 Stealth
 + Level 4.5 Shields


You had 3 spell levels left.
You didn't know any spells.
Your spell library was empty.

Dungeon Overview and Level Annotations

Branches:
Dungeon (2/15)

Altars:
Qazlal


Innate Abilities, Weirdness & Mutations

You cannot be hasted, slowed, berserked, paralysed or teleported.
You can dig through walls and to a lower floor.
Your four strong arms can wield two-handed weapons with a shield.
You have a pair of large antennae on your head. (SInv)


Message History

The scorpion poisons you! You block the scorpion's attack.
You slash the scorpion!
The scorpion is heavily wounded.
You feel sick. You block the scorpion's attack.
You barely miss the scorpion.
The scorpion is heavily wounded.
* * * LOW HITPOINT WARNING * * *
You feel sick. The scorpion barely misses you.
You riposte.
You hit the scorpion.
The scorpion is severely wounded.
The scorpion stings you.
* * * LOW HITPOINT WARNING * * *
You are more poisoned.
The scorpion poisons you!
You slash the scorpion!
You kill the scorpion!
Your Long Blades skill increases to level 3!
You have reached level 4!
You feel clever.
You die...

### #.. #.# ##+# ...
#...# #.# .....# #.####
......# #.##.##
....?..##.#...#######♣≈≈
....).$)@...........P≈≈≈
.?.....####...#.#...≈.≈.
......# ##.##.#....≈..
.....# ####.#.......
#...# #.##≈≈≈P..
##+######### #.# ♣♣♣P≈≈
#.#.......# #.# ♣P≈
#.#.#####.# #.# ≈≈
##.#.# #.# #(#


There were no monsters in sight!

Vanquished Creatures
  A scorpion (D:2)
  A worm (D:2)
  2 dart slugs (D:1)
  A leopard gecko (D:1)
  8 bats
  6 hobgoblins
  2 jackals (D:1)
  2 kobolds (D:1)
  A ball python (D:1)
  A frilled lizard (D:1)
  2 goblins
  A rat (D:1)
28 creatures vanquished.

Notes
Turn   | Place    | Note
-------+----------+-------------------------------------------
     0 | D:1      | Divind the Formicid Fighter began the quest for the Orb.
     0 | D:1      | Reached XP level 1. HP: 18/18 MP: 1/1
    77 | D:1      | Reached skill level 4 in Shields
    77 | D:1      | Reached XP level 2. HP: 20/24 MP: 2/2
   347 | D:1      | Reached XP level 3. HP: 24/29 MP: 3/3
   753 | D:2      | Found a stormy altar of Qazlal.
   806 | D:2      | Noticed a scorpion
   816 | D:2      | Killed a scorpion
   816 | D:2      | Reached XP level 4. HP: 3/35 MP: 4/4
   816 | D:2      | Succumbed to a scorpion's poison

Levels and vault maps discovered:
D:1:      scummos_arrival_checkerplants, layout_basic
D:2:      layout_loops_corners, nicolae_overflow_crystal_walls,
          nicolae_qazlal_general_emergency, serial_bayou_ford_a, uniq_natasha

Skill      XL: |  1  2  3 |
---------------+----------+-----
Shields        | 4 |  4.5
Long Blades    | 3 |  3.0
Fighting       | |  3.5
Armour         | |  3.9
Dodging        | |  0.5
Stealth        | |  0.4

Action                   |  1- 3 |  4- 6 || total
-------------------------+-------+-------++-------
Melee: Long sword        |   112 |       ||   112
Armor: Scale mail        |    80 |       ||    80
Dodge: Dodged            |    50 |       ||    50
Block: Shield            |    83 |       ||    83
       Rpst.: Long sword |    15 |       ||    15
